 Dungeon Crawl Stone Soup version 0.31-a0-963-ga325b2283a (webtiles) character file.

Game seed: 7592449974566603385

53 hwolsky the Gusty (level 3, 0/26 HPs)
             Began as a Draconian Air Elementalist on Oct 25, 2023.
             Slain by a gnoll
             ... wielding a +0 flail
              (3 damage)
             ... on level 2 of the Dungeon.
             The game lasted 00:04:08 (1568 turns).

hwolsky the Gusty (Draconian Air Elementalist)      Turns: 1568, Time: 00:04:08

Health: 0/26       AC:  5    Str: 10    XL:     3   Next: 64%
Magic:  0/6        EV: 12    Int: 17    God:
Gold:   48         SH:  0    Dex: 11    Spells: 3/6 levels left

rFire   . . .        s - +1 dagger (drain)
rCold   . . .        (no shield)
rNeg    . . .        (body armour unavailable)
rPois   .            (helmet restricted)
rElec   .            (no cloak)
rCorr   .            (no gloves)
SInv    .            (no boots)
Will    .....        (no amulet)
Stlth   ++           (no ring)
HPRegen 0.24/turn    (no ring)
MPRegen 0.10/turn

%: no passive effects
@: no status effects
A: AC +5, unfitting armour, cold-blooded
a: no special abilities


You were on level 2 of the Dungeon.
You visited 1 branch of the dungeon, and saw 2 of its levels.

You collected 48 gold pieces.

Inventory:

Hand Weapons
 s - a +1 dagger of draining (weapon)
Missiles
 i - a throwing net {@!f}
Scrolls
 g - a scroll of blinking {unknown}
Potions
 a - a potion of magic
 b - a potion of heal wounds {unknown}
 c - a potion of cancellation {unknown}
 d - a potion of berserk rage {unknown}
 e - a potion of enlightenment {unknown}
 f - a potion of might {unknown}
 h - a potion of curing {unknown}


   Skills:
 + Level 2.5 Dodging
 - Level 1.7 Stealth
 - Level 2.0 Spellcasting
 - Level 1.0 Conjurations
 * Level 4.2 Air Magic


You had 3 spell levels left.
You knew the following spells:

 Your Spells              Type           Power      Damage    Failure   Level
a - Shock                 Conj/Air       40%        1d5       7%          1
b - Static Discharge      Conj/Air       20%        3-4/arc   10%         2

Your spell library contained the following spells:

 Spells                   Type           Power      Damage    Failure   Level
 Swiftness                Air            15%        N/A       11%         3
 Airstrike                Air            7%         2d(2-18)  34%         4


Dungeon Overview and Level Annotations

Branches:
Dungeon (2/15) Zot: 10431

Altars:


Innate Abilities, Weirdness & Mutations

Your plain brown scales are hard. (AC +5)
You cannot fit into any form of body armour.
You are cold-blooded and may be slowed by cold attacks.


Message History

You now have 37 gold pieces (gained 10).
i - a throwing net {@!f} A rat comes into view.
You miscast Shock.
You are very lightly contaminated with residual magic.
Nothing appears to happen.
The zap hits the rat.
You kill the rat!
* * * LOW MAGIC WARNING * * *
Your magical contamination has completely faded away.
Magic restored.
You see here a jackal corpse.
There is a stone staircase leading up here.
You now have 48 gold pieces (gained 11).
A gnoll comes into view. It is wielding a +0 whip.
Casting: Shock (safe; 7% risk of failure)
Confirm with . or Enter, or press ? or * to list all spells.
Okay, then.
You start memorising the spell.
You continue memorising.
The gnoll shouts!
You hear a shout!
You continue memorising.
The kobold shouts!
You finish memorising.
Spell assigned to 'b'.
A gnoll comes into view. It is wielding a +0 flail. x2
A worm comes into view.
The zap hits the gnoll.
The gnoll is moderately wounded.
The zap hits the gnoll.
The gnoll is moderately wounded.
The zap hits the worm.
The worm is lightly wounded.
The gnoll shouts!
You hear an angry hiss.
An adder comes into view.
The zap hits the gnoll.
The gnoll is severely wounded.
The zap hits the kobold.
The kobold is severely wounded.
The gnoll hits you with a +0 whip! The gnoll hits you with a +0 whip.
The kobold attacks as it pursues you! The kobold misses you.
You hit the kobold.
You kill the kobold!
You completely miss the adder.
The adder bites you but does no damage. x2
You hit the adder but do no damage. You drain the adder.
The adder is moderately wounded.
The adder barely misses you.
You hit the adder. You drain the adder.
You kill the adder!
Your Air Magic skill increases to level 4!
You closely miss the gnoll. The gnoll closely misses you.
You barely miss the gnoll. The gnoll hits you with a +0 flail!
* * * LOW HITPOINT WARNING * * *
You are too injured to fight recklessly!
Casting: Shock (safe; 7% risk of failure)
Confirm with . or Enter, or press ? or * to list all spells.
The gnoll is struck by an arc of lightning.
The gnoll is moderately wounded.
You are struck by an arc of lightning.
* * * LOW HITPOINT WARNING * * *
The lightning grounds out.
The gnoll closely misses you.
Unknown command.
Casting: Static Discharge (safe; 11% risk of failure)
Confirm with . or Enter, or press ? or * to list all spells.
Aiming: Shock (safe; 7% risk of failure)
Press: ? - help, Shift-Dir - straight line, f/p - gnoll
Aim: a gnoll, wielding a +0 whip (severely wounded, 72% to hit)
The zap hits the gnoll but does no damage.
The gnoll is moderately wounded.
The zap hits the gnoll.
The gnoll is severely wounded.
The zap hits the gnoll.
You kill the gnoll!
* * * LOW MAGIC WARNING * * *
The gnoll hits you with a +0 flail.
* * * LOW HITPOINT WARNING * * *
Casting: Shock (safe; 7% risk of failure)
Confirm with . or Enter, or press ? or * to list all spells.
Aiming: Shock (safe; 7% risk of failure)
Press: ? - help, Shift-Dir - straight line The zap hits the gnoll.
The gnoll is heavily wounded.
The zap hits the gnoll.
The gnoll is moderately wounded.
The zap misses the gnoll.
* * * LOW MAGIC WARNING * * *
The gnoll hits you with a +0 flail.
* * * LOW HITPOINT WARNING * * *
Casting: Shock (safe; 7% risk of failure)
Confirm with . or Enter, or press ? or * to list all spells.
Aiming: Shock (safe; 7% risk of failure)
Press: ? - help, Shift-Dir - straight line The zap hits the gnoll.
The gnoll is almost dead.
The zap hits the gnoll.
The gnoll is severely wounded.
The zap hits the gnoll.
The gnoll is almost dead.
* * * LOW MAGIC WARNING * * *
The gnoll hits you with a +0 flail.
You die...

~≈≈≈≈≈~~~......
~~~~≈≈≈≈~......
#~~~≈≈~......
#~~~~......
##........
###..#######
#gw.## ..##.#.#
#g### .†##...#
###@# #.# #..#
#...# #.# #..###
#.### ###.#
#...###.#
#...####.#.##..#
#......#......##
#........†<...#
.......†......#
#.............#


You could see a worm and 2 gnolls.

Vanquished Creatures
  A gnoll (D:2)
  An adder (D:2)
  2 bats (D:1)
  An endoplasm (D:1)
  A giant cockroach (D:2)
  4 goblins (D:1)
  2 hobgoblins (D:1)
  2 jackals (D:2)
  3 kobolds
  A quokka (D:1)
  9 ball pythons (D:1)
  4 frilled lizards (D:1)
  5 rats
36 creatures vanquished.

Notes
Turn   | Place    | Note
-------+----------+-------------------------------------------
     0 | D:1      | hwolsky the Draconian Air Elementalist began the quest for
                  | the Orb.
     0 | D:1      | Reached XP level 1. HP: 14/14 MP: 3/3
   282 | D:1      | Reached XP level 2. HP: 20/20 MP: 3/5
   889 | D:1      | Found a faded altar of an unknown god.
  1107 | D:1      | Reached XP level 3. HP: 26/26 MP: 2/6
  1548 | D:2      | Learned a level 2 spell: Static Discharge
  1563 | D:2      | Reached skill level 4 in Air Magic
  1568 | D:2      | Slain by a gnoll

Illustrated notes

Levels and vault maps discovered:
D:1:      roadster_arrival_rocket_small, layout_loops_corners,
          hellmonk_ecumenical_altar_lost_god
D:2:      wander_river, layout_rooms, serial_bayou_pond_d

Skill      XL: |  1  2  3 |
---------------+----------+-----
Dodging        | 2 |  2.5
Air Magic      | 4 |  4.2
Stealth        | |  1.7
Spellcasting   | |  2.0
Conjurations   | |  1.0

Action                     || total
---------------------------++-------
  Melee: Unarmed           ||    32
         Tailslap          ||     2
         Dagger            ||     7
   Cast: Shock             ||    56
         Static Discharge  ||     1
 Armour: Skin              ||    24
  Dodge: Dodged            ||    33

Table legend: (Time is in decaauts)
 A = Elapsed time spent in this place.
 B = Non-inter-level travel time spent in this place.
 C = Inter-level travel time spent in this place.
 D = Time resting spent in this place.
 E = Time spent auto-exploring this place.
 F = Levels seen in this place.
 G = Mean time per level.
                   A        B        C        D        E       F      G
               +--------+--------+--------+--------+--------+-----+--------+
         Total |   1567 |   1550 |     17 |      0 |   1312 |   2 |  783.5 |
       Dungeon |   1567 |   1550 |     17 |      0 |   1312 |   2 |  783.5 |
               +--------+--------+--------+--------+--------+-----+--------+

Top non-repeatable levels by time:
     D:1: 1429 daAuts
     D:2: 137 daAuts
